 Dungeon Crawl Stone Soup version 0.26-a0-663-g36e8fdb655 (webtiles) character file.

Game seed: 3748880669192865995

210 DogServant the Chiller (level 5, -13/40 HPs)
             Began as a Ghoul Ice Elementalist on Oct 11, 2020.
             Mangled by an ogre
             ... wielding a +0 giant club
              (22 damage)
             ... on level 4 of the Dungeon.
             The game lasted 00:04:28 (3712 turns).

DogServant the Chiller (Ghoul Ice Elementalist)     Turns: 3712, Time: 00:04:28

Health: -13/40     AC:  3    Str: 12    XL:     5   Next: 88%
Magic:  2/7        EV: 12    Int: 10    God:
Gold:   99         SH:  0    Dex: 10    Spells: 4/8 levels left

rFire    . . .     SeeInvis .     - Unarmed
rCold    + . .     Faith    .   (no shield)
rNeg     + + +     Spirit   .   a - +0 robe
rPois    ∞         Reflect  .   f - +0 helmet
rElec    .         Harm     .   (no cloak)
rCorr    .         Rampage  .   (no gloves)
MR       .....                  (no boots)
Stlth    ++........             (no amulet)
HPRegen  0.00/turn              (no ring)
MPRegen  0.10/turn              (no ring)

@: frozen ramparts
A: rotting body, claws 1, cold resistance 1, negative energy resistance 3,
inhibited regeneration, torment resistance, unbreathing
a: no special abilities


You were on level 4 of the Dungeon.
You visited 1 branch of the dungeon, and saw 4 of its levels.

You collected 99 gold pieces.

Inventory:

Armour
 a - a +0 robe (worn)
 f - a +0 helmet (worn)
Wands
 o - a wand of flame (12)
Scrolls
 c - 8 scrolls of identify {unknown}
 g - 2 scrolls of enchant armour {unknown}
 h - a scroll of immolation {unknown}
 j - 2 scrolls of remove curse {unknown}
 k - a scroll of fog {unknown}
 m - a scroll of amnesia {unknown}
 p - a scroll of teleportation {unknown}
 r - a scroll of blinking {unknown}
 s - a scroll of magic mapping {unknown}
Potions
 b - 3 potions of degeneration {unknown}
 d - a potion of flight {unknown}
 e - a potion of heal wounds {unknown}
 i - 3 potions of brilliance {unknown}
 l - a potion of might {unknown}
 n - a potion of haste {unknown}
 q - a potion of ambrosia {unknown}
 t - a potion of invisibility {unknown}
 u - 2 potions of curing


   Skills:
 + Level 1.3 Fighting
 - Level 2.2 Dodging
 - Level 2.1 Stealth
 + Level 3.5 Unarmed Combat
 - Level 2.1 Spellcasting
 + Level 5.8 Ice Magic


You had 4 spell levels left.
You knew the following spells:

 Your Spells              Type           Power        Failure   Level
a - Freeze                Ice            ##..         2%          1
b - Frozen Ramparts       Ice            ##....       9%          3

Your spell library contained the following spells:

 Spells                   Type           Power        Failure   Level
 Ozocubu's Armour         Ice            ##......     9%          3
 Hailstorm                Conj/Ice       #.......     67%         4
 Summon Ice Beast         Ice/Summ       #.......     67%         4


Dungeon Overview and Level Annotations

Branches:
Dungeon (4/15)
 Temple: D:4-7

Altars:
Ashenzari


Innate Abilities, Weirdness & Mutations

Your body is rotting away.
You thrive by killing the living.
You are immune to poison.
You have sharp fingernails.
Your flesh is cold resistant. (rC+)
You are immune to negative energy. (rN+++)
You do not regenerate when monsters are visible.
You are immune to unholy pain and torment.
You can survive without breathing.


Message History

Cast which spell? (? or * to list)
The walls around you are covered in ice.
The wall freezes the ogre. x2; The ogre barely misses you.
The wall freezes the ogre.
The wall freezes the ogre.
The wall freezes the ogre.
The ogre hits you with a +0 giant club!!
Ouch! That really hurt!
* * * LOW HITPOINT WARNING * * *
Unknown command.
The wall freezes the ogre.
The wall freezes the worker ant.
The wall freezes the ogre.
The wall freezes the worker ant.
The frozen ramparts melt away.
Casting: Frozen Ramparts (dangerous; 9% risk of failure)
Confirm with . or Enter, or press ? or * to list all spells.
The walls around you are covered in ice.
The wall freezes the worker ant.
The wall freezes the ogre.
The ogre hits you with a +0 giant club!!
Ouch! That really hurt!
You die...

........+..###+#
........#...<..#
.#######.......#
#.#####+#.
#........#
#........#
#B.......#
#O.......#
#@........
#.........
#.........
#.........
#.........
#.........
#.........
#.........
#.<......#


You could see an ogre and a worker ant.

Vanquished Creatures
  Terence (D:3)
  Natasha (thrice) (D:3)
  3 adders
  A gnoll (D:1)
  3 worms
  2 dart slugs
  2 leopard geckos
  3 orcs (D:3)
  6 bats
  5 giant cockroaches
  5 goblins
  5 hobgoblins
  2 jackals (D:2)
  5 kobolds
  A quokka (D:2)
  5 frilled lizards
  7 rats
59 creatures vanquished.

Notes
Turn   | Place    | Note
-------+----------+-------------------------------------------
     0 | D:1      | DogServant the Ghoul Ice Elementalist began the quest for
                  | the Orb.
     0 | D:1      | Reached XP level 1. HP: 14/14 MP: 2/2
   285 | D:1      | Reached skill level 1 in Unarmed Combat
   285 | D:1      | Reached XP level 2. HP: 20/20 MP: 3/3
   557 | D:1      | Reached XP level 3. HP: 26/26 MP: 0/4
   729 | D:1      | Reached skill level 5 in Ice Magic
  1473 | D:2      | Reached XP level 4. HP: 33/33 MP: 1/5
  1591 | D:1      | Learned a level 3 spell: Frozen Ramparts
  2656 | D:3      | Noticed Natasha
  2666 | D:3      | Killed Natasha
  2666 | D:3      | Reached XP level 5. HP: 26/39 MP: 2/6
  2798 | D:3      | Noticed Natasha
  2806 | D:3      | Killed Natasha
  2826 | D:3      | Noticed Terence
  2839 | D:3      | Killed Terence
  2839 | D:3      | Reached skill level 1 in Fighting
  3030 | D:3      | Noticed Natasha
  3037 | D:3      | Killed Natasha
  3181 | D:3      | Found a broken altar of Ashenzari.
  3699 | D:4      | Noticed an ogre
  3712 | D:4      | Mangled by an ogre

Illustrated notes

Levels and vault maps discovered:
D:1:      lightli_iron_boxes, layout_basic
D:2:      layout_basic
D:3:      layout_basic, nicolae_overflow_crystal_walls, serial_aquarium,
          aquarium_bridge_island_large [aquarium_subvault_large_open,
          aquarium_subvault_bridge, aquarium_subvault_bridge,
          aquarium_subvault_bridge, aquarium_subvault_window],
          aquarium_bridge_square [aquarium_subvault_wall,
          aquarium_subvault_bridge, aquarium_subvault_wall,
          aquarium_subvault_balcony], aquarium_window_2, aquarium_window_1,
          aquarium_window_1, aquarium_view_2f, uniq_terence, uniq_natasha
D:4:      layout_gridville, gammafunk_temple_overflow_claw

Skill      XL: |  1  2  3  4  5 |
---------------+----------------+-----
Unarmed Combat | 1 2 3 |  3.5
Ice Magic      | 5 |  5.8
Dodging        | 2 |  2.2
Spellcasting   | 2 |  2.1
Fighting       | 1 |  1.3
Stealth        | |  2.1

Action                   |  1- 3 |  4- 6 || total
-------------------------+-------+-------++-------
Melee: Unarmed           |    85 |    87 ||   172
 Cast: Freeze            |    19 |     7 ||    26
       Frozen Ramparts   |       |    12 ||    12
 Stab: Sleeping          |     6 |     1 ||     7
Armor: Robe              |    18 |    14 ||    32
Dodge: Dodged            |    49 |    59 ||   108

Table legend: (Time is in decaauts)
 A = Elapsed time spent in this place.
 B = Non-inter-level travel time spent in this place.
 C = Inter-level travel time spent in this place.
 D = Time resting spent in this place.
 E = Time spent auto-exploring this place.
 F = Levels seen in this place.
 G = Mean time per level.
                   A        B        C        D        E       F      G
               +--------+--------+--------+--------+--------+-----+--------+
         Total |   3713 |   3558 |    155 |    254 |   2805 |   4 |  928.2 |
       Dungeon |   3713 |   3558 |    155 |    254 |   2805 |   4 |  928.2 |
               +--------+--------+--------+--------+--------+-----+--------+

Top non-repeatable levels by time:
     D:3: 1711 daAuts
     D:1: 1196 daAuts
     D:2: 779 daAuts
     D:4: 25 daAuts
